Penguins vs Thunderbirds (R1)

Created - February 22, 2022 at 19:40

Goals
1 2 3 T
Penguins 1 1 2 4
Thunderbirds 1 4 1 6
Shots
1 2 3 T
Penguins 14 11 5 30
Thunderbirds 8 17 5 30

1st period

1. Penguins , Cedric Paquette 12 (Andreas Martinsen 23, Vince Hinostroza 23) at 15:30
2. Thunderbirds , Griffin Reinhart 8 (Quinton Howden 28, Valentin Zykov 24) at 18:20 (PP)

Penalties :
Niklas Hansson (Spr) for Holding (Minor) at 10:46, Sam Reinhart (Wil) for Roughing (Minor) at 18:14, Jerry D'Amigo (Spr) for Roughing (Minor) at 18:37

2nd period

3. Thunderbirds , John Draeger 3 (Tom Kuhnhackl 15, Michal Jordan 5) at 5:41
4. Penguins , Kyle Connor 17 (Adam Brooks 6, Scott Mayfield 17) at 6:17
5. Thunderbirds , Matt Puempel 2 (Mitchell Heard 8, Hudson Fasching 6) at 11:42
6. Thunderbirds , Elias Lindholm 13 (Niklas Hansson 18, Griffin Reinhart 23) at 12:02
7. Thunderbirds , Quinton Howden 17 (Griffin Reinhart 24, Kirill Kaprizov 15) at 19:02 (PP)

Penalties :
Niklas Hansson (Spr) for Holding (Minor) at 7:26, Dakota Mermis (Wil) for Roughing (Minor) at 18:05

3rd period

8. Penguins , Andreas Martinsen 21 (Unassisted) at 6:51
9. Penguins , Tyson Jost 4 (Andy Andreoff 15, Anthony Beauvillier 6) at 12:25
10. Thunderbirds , Mitchell Heard 9 (Michal Jordan 6, Matt Puempel 8) at 13:17

Penalties :
Mitchell Heard (Spr) for Tripping (Minor) at 2:12, Vince Hinostroza (Wil) for Boarding (Minor) at 7:04, Tom Kuhnhackl (Spr) for Hooking (Minor) at 9:53, Adam Brooks (Wil) for High sticking (Minor) at 14:19

Goalie Stats

Anthony Stolarz (Wil), 13 saves from 15 shots - (0.867), L, 2-8-0, 27:58 minutes
Connor Hellebyuk (Wil), 11 saves from 15 shots - (0.733), 32:02 minutes
Carter Hutton (Spr), 26 saves from 30 shots - (0.867), W, 11-4-3, 60:00 minutes

Players Stats for Penguins

Player Name              G  A  P  +/- PIM S  H  SB GA TA FO     MP     PP MP  PK MP  
------------------------------------------------------------------------------------
Adam Brooks              0  1  1   0  2   1  2  0  1  1  5/12   17:50   4:33   0:32 
Andreas Martinsen        1  1  2   0  0   1  2  0  1  0  0/0    21:41   5:19   2:46 
Andrew O'Brien           0  0  0  -2  0   1  2  3  0  1  0/0    28:11   5:13   3:31 
Andy Andreoff            0  1  1   1  0   3  0  1  0  0  0/0     9:07   0:03   1:29 
Anthony Beauvillier      0  1  1  -1  0   0  1  0  1  0  0/1    11:33   0:00   0:12 
Cedric Paquette          1  0  1   0  0   1  5  1  0  2  24/41  23:13   4:53   3:32 
Dakota Mermis            0  0  0   1  2   2  2  2  0  0  0/0    19:39   4:42   1:18 
Danny Biega              0  0  0   1  0   1  2  0  0  0  0/0    19:52   4:42   1:30 
Denis Malgin             0  0  0  -1  0   0  1  0  0  0  3/4    12:13   0:29   0:30 
Gavin Bayreuther         0  0  0   1  0   0  0  0  0  1  0/0    12:09   0:00   0:12 
Iven Barbashev           0  0  0   1  0   2  1  0  0  1  0/0     7:42   0:29   0:00 
John Marino              0  0  0   1  0   0  0  0  0  2  0/0    11:57   0:00   0:00 
Josh Jooris              0  0  0  -1  0   5  0  0  0  0  1/1    10:05   0:00   0:00 
Kyle Connor              1  0  1   0  0   4  0  0  0  1  0/0    17:02   4:33   0:00 
Sam Reinhart             0  0  0   0  2   2  2  0  0  0  0/0    18:04   4:33   1:01 
Scott Mayfield           0  1  1  -3  0   0  4  3  1  0  0/0    28:10   5:13   3:31 
Tyson Jost               1  0  1   1  0   3  0  1  0  0  0/2     6:36   0:00   0:00 
Vince Hinostroza         0  1  1   0  2   4  2  2  0  0  1/2    19:50   4:53   0:00 

Players Stats for Thunderbirds

Player Name              G  A  P  +/- PIM S  H  SB GA TA FO     MP     PP MP  PK MP  
------------------------------------------------------------------------------------
Elias Lindholm           1  0  1   1  0   1  2  1  0  0  8/12   17:53   1:53   3:40 
Griffin Reinhart         1  2  3  -1  0   2  0  1  0  1  0/0    26:42   3:09   4:21 
Hudson Fasching          0  1  1   1  0   2  1  0  1  0  0/0    13:30   0:03   2:18 
Jake Walman              0  0  0  -2  0   1  0  1  0  2  0/0    13:24   0:00   1:57 
Jerry D'Amigo            0  0  0  -2  2   2  2  1  1  0  0/1    16:11   3:05   0:00 
John Draeger             1  0  1   3  0   3  0  0  0  0  0/0    22:11   1:52   5:58 
Kirill Kaprizov          0  1  1   1  0   0  5  1  1  0  0/0    16:14   1:53   2:36 
Matt Puempel             1  1  2   1  0   2  1  0  0  0  0/0    12:25   0:03   1:50 
Michal Jordan            0  2  2   3  0   2  1  1  0  0  0/0    20:12   1:52   3:57 
Mitchell Heard           1  1  2   1  2   1  0  0  0  0  2/7    10:55   0:05   0:06 
Nicklas Jensen           0  0  0   0  0   1  1  0  1  0  0/1     8:54   0:00   0:00 
Niklas Hansson           0  1  1  -1  4   3  3  1  1  1  0/0    26:57   3:09   3:37 
Quinton Howden           1  1  2  -2  0   5  0  1  1  0  15/35  21:41   3:03   5:21 
Roberts Lipsbergs        0  0  0   0  0   0  1  0  0  0  0/0     8:54   0:00   0:00 
Tanner Laczynski         0  0  0   0  0   2  0  0  1  0  3/5     8:54   0:00   0:00 
Tom Kuhnhackl            0  1  1   1  2   1  1  0  1  0  0/0    17:41   1:53   3:59 
Valentin Zykov           0  1  1  -2  0   2  3  0  1  0  1/2    16:25   3:05   0:00 
Viktor Baldayev          0  0  0  -2  0   0  1  4  0  0  0/0    10:57   0:00   0:00 

3 Stars

1 - Michal Jordan (Spr)
2 - Matt Puempel (Spr)
3 - Griffin Reinhart (Spr)

Power Play

Penguins - 0 on 4 Attempt(s) - 0.00%
Thunderbirds - 2 on 5 Attempt(s) - 40.00%

Penalty Kill

Penguins - 3 on 5 Attempt(s) - 60.00% - Score 0 goal in Penalty Kill
Thunderbirds - 4 on 4 Attempt(s) - 100.00% - Score 0 goal in Penalty Kill

Team Stat

Penguins - Hits : 26 - Faceoff Wins : 34 - Blocked Shots : 13 - Penalty Minutes : 8
Thunderbirds - Hits : 22 - Faceoff Wins : 29 - Blocked Shots : 12 - Penalty Minutes : 10

Official

Referees : Brad Meier and Furman South
Linesman : Matt MacPherson and Kiel Murchison

Game Notes

Anthony Stolarz enters game at 12:02 of 2nd period
6:51 of 3rd period - Penalty Shot by Andreas Martinsen for Penguins - Goal!
Andreas Martinsen is injured at 14:55 of 3rd period (Strained Right Elbow)

Finance

Level 1 -- Attendance: 1962 (98.10%) -- Ticket Income $68,670
Level 2 -- Attendance: 1000 (100.00%) -- Ticket Income $15,000
Total Attendance: 2962 (98.73%)
Total Ticket Income: $83,670
Other Income: $4,184
Total Income: $87,854

Penguins

5 vs 5 Forward 
   Center                   Left Wing                Right Wing               Time % Phy DF OF 
 1 Cedric Paquette          Andreas Martinsen        Vince Hinostroza         40     1   2  2  
 2 Adam Brooks              Kyle Connor              Sam Reinhart             30     1   2  2  
 3 Denis Malgin             Anthony Beauvillier      Josh Jooris              20     1   2  2  
 4 Tyson Jost               Andy Andreoff            Iven Barbashev           10     1   2  2  

5 vs 5 Defense 
   Defense                  Defense                                           Time % Phy DF OF 
 1 Scott Mayfield           Andrew O'Brien                                    40     1   2  2  
 2 Dakota Mermis            Danny Biega                                       30     1   2  2  
 3 Gavin Bayreuther         John Marino                                       20     1   2  2  
 4 Scott Mayfield           Andrew O'Brien                                    10     1   2  2  

PowerPlay Forward 
   Center                   Left Wing                Right Wing               Time % Phy DF OF 
 1 Cedric Paquette          Andreas Martinsen        Vince Hinostroza         60     1   2  2  
 2 Adam Brooks              Kyle Connor              Sam Reinhart             40     1   2  2  

PowerPlay Defense
   Defense                  Defense                                           Time % Phy DF OF 
 1 Scott Mayfield           Andrew O'Brien                                    60     1   2  2  
 2 Dakota Mermis            Danny Biega                                       40     1   2  2  

Penalty Kill 4 Players Forward 
   Center                   Wing                     Time % Phy DF OF 
 1 Cedric Paquette          Andreas Martinsen        60     1   2  2  
 2 Adam Brooks              Andy Andreoff            40     1   2  2  

Penalty Kill 4 Players Defense
   Defense                  Defense                  Time % Phy DF OF 
 1 Scott Mayfield           Andrew O'Brien           60     1   2  2  
 2 Dakota Mermis            Danny Biega              40     1   2  2  

Penalty Kill - 3 Players Forward 
   Forward                                           Time % Phy DF OF 
 1 Cedric Paquette                                   60     1   2  2  
 2 Adam Brooks                                       40     1   2  2  

Penalty Kill - 3 Players Defense
   Defense                  Defense                  Time % Phy DF OF 
 1 Scott Mayfield           Andrew O'Brien           60     1   2  2  
 2 Dakota Mermis            Danny Biega              40     1   2  2  

4 vs 4 Forward 
   Center                   Wing                     Time % Phy DF OF 
 1 Cedric Paquette          Andreas Martinsen        60     1   2  2  
 2 Adam Brooks              Vince Hinostroza         40     1   2  2  

4 vs 4 Defense
   Defense                  Defense                  Time % Phy DF OF 
 1 Scott Mayfield           Andrew O'Brien           60     1   2  2  
 2 Dakota Mermis            Danny Biega              40     1   2  2  

Last Minutes Offensive
   Center                   Left Wing                Right Wing               Defense                  Defense                  
   Cedric Paquette          Andreas Martinsen        Josh Jooris              Scott Mayfield           Andrew O'Brien           

Last Minutes Defensive
   Center                   Left Wing                Right Wing               Defense                  Defense                  
   Cedric Paquette          Andreas Martinsen        Josh Jooris              Scott Mayfield           Andrew O'Brien           

Goaltenders
Starting : Connor Hellebyuk         
Backup : Anthony Stolarz          

Extra Forwards
Normal : Sam Reinhart, Cedric Paquette, Adam Brooks - PP : Sam Reinhart, Cedric Paquette - PK : Sam Reinhart
Extra Defensemen
Normal : Danny Biega, Gavin Bayreuther, John Marino - PP : Danny Biega - PK : Danny Biega, Gavin Bayreuther
Penalty Shots
Andreas Martinsen, Josh Jooris, Andy Andreoff, Vince Hinostroza, Sam Reinhart

Scratches
Brett Pollock (Healthy), Curtis Hamilton (Healthy), Josh Ho-Sang (Healthy), Juuso Ikonen (Healthy), Matthew Finn (Healthy)
Max Gortz (Healthy), Raphael Bussieres (Healthy), Sam Kurker (Healthy), Steven Spinner (Healthy), German Rubtsov (Healthy)

Thunderbirds

5 vs 5 Forward 
   Center                   Left Wing                Right Wing               Time % Phy DF OF 
 1 Quinton Howden           Valentin Zykov           Jerry D'Amigo            40     0   2  3  
 2 Elias Lindholm           Kirill Kaprizov          Tom Kuhnhackl            30     0   2  3  
 3 Mitchell Heard           Matt Puempel             Hudson Fasching          20     1   2  2  
 4 Tanner Laczynski         Roberts Lipsbergs        Nicklas Jensen           10     0   2  3  

5 vs 5 Defense 
   Defense                  Defense                                           Time % Phy DF OF 
 1 Griffin Reinhart         Niklas Hansson                                    40     0   2  3  
 2 Michal Jordan            John Draeger                                      30     1   2  2  
 3 Viktor Baldayev          Jake Walman                                       20     1   2  2  
 4 Griffin Reinhart         Niklas Hansson                                    10     0   2  3  

PowerPlay Forward 
   Center                   Left Wing                Right Wing               Time % Phy DF OF 
 1 Quinton Howden           Valentin Zykov           Jerry D'Amigo            60     0   1  4  
 2 Elias Lindholm           Kirill Kaprizov          Tom Kuhnhackl            40     0   1  4  

PowerPlay Defense
   Defense                  Defense                                           Time % Phy DF OF 
 1 Griffin Reinhart         Niklas Hansson                                    60     0   2  3  
 2 Michal Jordan            John Draeger                                      40     0   2  3  

Penalty Kill 4 Players Forward 
   Center                   Wing                     Time % Phy DF OF 
 1 Quinton Howden           Tom Kuhnhackl            60     1   3  1  
 2 Elias Lindholm           Hudson Fasching          40     1   3  1  

Penalty Kill 4 Players Defense
   Defense                  Defense                  Time % Phy DF OF 
 1 John Draeger             Niklas Hansson           60     1   4  0  
 2 Griffin Reinhart         Michal Jordan            40     1   4  0  

Penalty Kill - 3 Players Forward 
   Forward                                           Time % Phy DF OF 
 1 Quinton Howden                                    60     1   3  1  
 2 Tom Kuhnhackl                                     40     1   3  1  

Penalty Kill - 3 Players Defense
   Defense                  Defense                  Time % Phy DF OF 
 1 John Draeger             Niklas Hansson           60     1   4  0  
 2 Griffin Reinhart         Michal Jordan            40     1   4  0  

4 vs 4 Forward 
   Center                   Wing                     Time % Phy DF OF 
 1 Quinton Howden           Valentin Zykov           60     0   2  3  
 2 Elias Lindholm           Kirill Kaprizov          40     0   2  3  

4 vs 4 Defense
   Defense                  Defense                  Time % Phy DF OF 
 1 Griffin Reinhart         Niklas Hansson           60     0   2  3  
 2 Michal Jordan            John Draeger             40     0   2  3  

Last Minutes Offensive
   Center                   Left Wing                Right Wing               Defense                  Defense                  
   Quinton Howden           Valentin Zykov           Jerry D'Amigo            Griffin Reinhart         Niklas Hansson           

Last Minutes Defensive
   Center                   Left Wing                Right Wing               Defense                  Defense                  
   Quinton Howden           Valentin Zykov           Jerry D'Amigo            John Draeger             Niklas Hansson           

Goaltenders
Starting : Carter Hutton            
Backup : Igor Bobkov              

Extra Forwards
Normal : Kirill Kaprizov, Valentin Zykov, Elias Lindholm - PP : Kirill Kaprizov, Valentin Zykov - PK : Kirill Kaprizov
Extra Defensemen
Normal : Michal Jordan, Griffin Reinhart, Niklas Hansson - PP : Jake Walman - PK : John Draeger, Niklas Hansson
Penalty Shots
Tanner Laczynski, Tom Kuhnhackl, Quinton Howden, Elias Lindholm, Kirill Kaprizov

Scratches
Austin Poganski (Healthy), Connor Honey (Healthy), Dmytro Timashov (Healthy), Keaton Thompson (Healthy), Kyle Platzer (Healthy)
Lukas Vejdemo (Healthy), Michael McCarron (Healthy), Nelson Nogier (Healthy), Clayton Keller (Healthy), Calvin Thurkauf (Healthy)
Artur Kayumov (Healthy), Niklas Treutle (Healthy), Artyom Zagidulin (Healthy)

% Time on Ice - Penguins

Lines # - Real PCT - Wanted PCT - Time Play
Normal Forward
1 - 35% - 40% - 15:51
2 - 28% - 30% - 12:45
3 - 22% - 20% - 10:05
4 - 14% - 10% - 6:23
Normal Defense
1 - 40% - 40% - 18:00
2 - 30% - 30% - 13:40
3 - 27% - 20% - 11:57
4 - 3% - 10% - 1:27
PP Forward
1 - 54% - 60% - 5:22
2 - 46% - 40% - 4:33
PP Defense
1 - 53% - 60% - 5:13
2 - 47% - 40% - 4:42
PK Forward
1 - 89% - 60% - 4:29
2 - 11% - 40% - 0:32
PK Defense
1 - 70% - 60% - 3:31
2 - 30% - 40% - 1:30
PK3 Forward
1 - 0% - 60%
2 - 0% - 40%
PK3 Defense
1 - 0% - 60%
2 - 0% - 40%
44 Forward
1 - 0% - 60%
2 - 0% - 40%
44 Defense
1 - 0% - 60%
2 - 0% - 40%
Last Minute Offensive  - 0:00
Last Minute Defensive  - 0:00
Total
Forward - 60:00
Defense - 60:00

% Time on Ice - Thunderbirds

Lines # - Real PCT - Wanted PCT - Time Play
Normal Forward
1 - 30% - 40% - 13:28
2 - 28% - 30% - 12:27
3 - 23% - 20% - 10:15
4 - 20% - 10% - 8:54
Normal Defense
1 - 40% - 40% - 18:14
2 - 30% - 30% - 13:44
3 - 24% - 20% - 10:57
4 - 5% - 10% - 2:09
PP Forward
1 - 62% - 60% - 3:08
2 - 38% - 40% - 1:53
PP Defense
1 - 63% - 60% - 3:09
2 - 37% - 40% - 1:52
PK Forward
1 - 77% - 60% - 7:37
2 - 23% - 40% - 2:18
PK Defense
1 - 72% - 60% - 7:09
2 - 28% - 40% - 2:46
PK3 Forward
1 - 0% - 60%
2 - 0% - 40%
PK3 Defense
1 - 0% - 60%
2 - 0% - 40%
44 Forward
1 - 0% - 60%
2 - 0% - 40%
44 Defense
1 - 0% - 60%
2 - 0% - 40%
Last Minute Offensive  - 0:00
Last Minute Defensive  - 0:00
Total
Forward - 60:00
Defense - 60:00

Play-by-Play

1st period


0:01 of 1st period - Valentin Zykov wins face-off versus Cedric Paquette in neutral zone.
0:06 of 1st period - Niklas Hansson is hit by Andreas Martinsen.
0:13 of 1st period - Off-side.
0:14 of 1st period - Adam Brooks wins face-off versus Elias Lindholm in neutral zone.
0:16 of 1st period - Off-side.
0:17 of 1st period - Elias Lindholm wins face-off versus Adam Brooks in neutral zone.
0:44 of 1st period - Slapshot by Josh Jooris.
0:44 of 1st period - Stopped by Carter Hutton without a rebound.
0:45 of 1st period - Denis Malgin wins face-off versus Mitchell Heard in Thunderbirds zone.
1:15 of 1st period - Vince Hinostroza is hit by Valentin Zykov and loses puck.
1:34 of 1st period - Snap shot by Nicklas Jensen.
1:34 of 1st period - Stopped by Connor Hellebyuk with a rebound.
2:12 of 1st period - Snap shot by Andrew O'Brien.
2:12 of 1st period - Stopped by Carter Hutton with a rebound.
2:32 of 1st period - Wrist shot by Hudson Fasching.
2:32 of 1st period - Stopped by Connor Hellebyuk with a rebound.
2:34 of 1st period - Wrist shot by Jerry D'Amigo.
2:34 of 1st period - Shot Misses the Net.
2:36 of 1st period - Snap shot by Valentin Zykov.
2:36 of 1st period - Shot Blocked by Vince Hinostroza.
3:04 of 1st period - Slapshot by Griffin Reinhart.
3:04 of 1st period - Shot Misses the Net.
3:53 of 1st period - John Draeger is hit by Cedric Paquette and loses puck.
4:06 of 1st period - Wrist shot by Andreas Martinsen.
4:06 of 1st period - Shot Misses the Net.
5:23 of 1st period - Slapshot by Andreas Martinsen.
5:23 of 1st period - Deflect By Vince Hinostroza.
5:23 of 1st period - Shot Misses the Net.
5:23 of 1st period - Puck is out of play.
5:24 of 1st period - Cedric Paquette wins face-off versus Quinton Howden in Thunderbirds zone.
5:49 of 1st period - Danny Biega is hit by Kirill Kaprizov.
5:57 of 1st period - Elias Lindholm is hit by Adam Brooks and loses puck.
6:30 of 1st period - Snap shot by Andy Andreoff.
6:30 of 1st period - Stopped by Carter Hutton without a rebound.
6:31 of 1st period - Tanner Laczynski wins face-off versus Tyson Jost in Thunderbirds zone.
6:36 of 1st period - Snap shot by Andy Andreoff.
6:36 of 1st period - Stopped by Carter Hutton with a rebound.
6:38 of 1st period - Snap shot by Tyson Jost.
6:38 of 1st period - Shot Blocked by Viktor Baldayev.
6:40 of 1st period - Snap shot by Tyson Jost.
6:40 of 1st period - Shot Blocked by Jake Walman.
6:42 of 1st period - Slapshot by Tyson Jost.
6:42 of 1st period - Stopped by Carter Hutton without a rebound.
6:43 of 1st period - Cedric Paquette wins face-off versus Quinton Howden in Thunderbirds zone.
6:44 of 1st period - Snap shot by Vince Hinostroza.
6:44 of 1st period - Deflect By Niklas Hansson.
6:44 of 1st period - Stopped by Carter Hutton with a rebound.
7:08 of 1st period - Griffin Reinhart is hit by Scott Mayfield.
7:49 of 1st period - Snap shot by Valentin Zykov.
7:49 of 1st period - Stopped by Connor Hellebyuk with a rebound.
7:51 of 1st period - Snap shot by Michal Jordan.
7:51 of 1st period - Stopped by Connor Hellebyuk without a rebound.
7:52 of 1st period - Vince Hinostroza wins face-off versus Quinton Howden in Penguins zone.
8:01 of 1st period - Wrist shot by Andreas Martinsen.
8:01 of 1st period - Shot Blocked by Quinton Howden.
8:03 of 1st period - Snap shot by Cedric Paquette.
8:03 of 1st period - Shot Blocked by Jerry D'Amigo.
8:05 of 1st period - Slapshot by Andrew O'Brien.
8:05 of 1st period - Shot Misses the Net.
8:17 of 1st period - Danny Biega is hit by Kirill Kaprizov.
8:50 of 1st period - John Draeger is hit by Anthony Beauvillier and loses puck.
9:22 of 1st period - Snap shot by Sam Reinhart.
9:22 of 1st period - Shot Misses the Net.
9:24 of 1st period - Backhand shot by Kyle Connor.
9:24 of 1st period - Shot Misses the Net.
9:26 of 1st period - Snap shot by Dakota Mermis.
9:26 of 1st period - Stopped by Carter Hutton without a rebound.
9:27 of 1st period - Adam Brooks wins face-off versus Tanner Laczynski in Thunderbirds zone.
10:03 of 1st period - Slapshot by Kyle Connor.
10:03 of 1st period - Stopped by Carter Hutton with a rebound.
10:21 of 1st period - Slapshot by Tanner Laczynski.
10:21 of 1st period - Stopped by Connor Hellebyuk without a rebound.
10:22 of 1st period - Cedric Paquette wins face-off versus Quinton Howden in Penguins zone.
10:37 of 1st period - Snap shot by Andreas Martinsen.
10:37 of 1st period - Deflect By Vince Hinostroza.
10:37 of 1st period - Stopped by Carter Hutton without a rebound.
10:38 of 1st period - Elias Lindholm wins face-off versus Cedric Paquette in Thunderbirds zone.
10:46 of 1st period - Minor Penalty to Niklas Hansson for Holding.
10:47 of 1st period - Quinton Howden wins face-off versus Cedric Paquette in Thunderbirds zone.
10:47 of 1st period - Quinton Howden is hit by Cedric Paquette.
12:19 of 1st period - Kirill Kaprizov is hit by Cedric Paquette.
12:46 of 1st period - Penalty to Niklas Hansson is over, Niklas Hansson is back on ice.
12:53 of 1st period - Slapshot by Josh Jooris.
12:53 of 1st period - Shot Misses the Net.
12:55 of 1st period - Slapshot by John Marino.
12:55 of 1st period - Deflect By Josh Jooris.
12:55 of 1st period - Shot Misses the Net.
12:55 of 1st period - Puck is out of play.
12:56 of 1st period - Denis Malgin wins face-off versus Mitchell Heard in Thunderbirds zone.
12:57 of 1st period - Slapshot by Josh Jooris.
12:57 of 1st period - Shot Misses the Net.
13:29 of 1st period - Snap shot by Josh Jooris.
13:29 of 1st period - Stopped by Carter Hutton with a rebound.
13:47 of 1st period - Wrist shot by Josh Jooris.
13:47 of 1st period - Stopped by Carter Hutton without a rebound.
13:48 of 1st period - Quinton Howden wins face-off versus Cedric Paquette in Thunderbirds zone.
13:48 of 1st period - Quinton Howden is hit by Vince Hinostroza.
14:02 of 1st period - Wrist shot by Valentin Zykov.
14:02 of 1st period - Shot Blocked by Andrew O'Brien.
14:04 of 1st period - Wrist shot by Valentin Zykov.
14:04 of 1st period - Shot Misses the Net.
14:14 of 1st period - Elias Lindholm is hit by Adam Brooks and loses puck.
14:19 of 1st period - Snap shot by Kyle Connor.
14:19 of 1st period - Shot Blocked by Elias Lindholm.
14:37 of 1st period - Slapshot by Andy Andreoff.
14:37 of 1st period - Stopped by Carter Hutton without a rebound.
14:38 of 1st period - Quinton Howden wins face-off versus Tyson Jost in Thunderbirds zone.
14:43 of 1st period - Snap shot by Quinton Howden.
14:43 of 1st period - Shot Blocked by Scott Mayfield.
14:45 of 1st period - Snap shot by Jerry D'Amigo.
14:45 of 1st period - Stopped by Connor Hellebyuk with a rebound.
14:47 of 1st period - Slapshot by Quinton Howden.
14:47 of 1st period - Stopped by Connor Hellebyuk without a rebound.
14:48 of 1st period - Cedric Paquette wins face-off versus Quinton Howden in Penguins zone.
14:48 of 1st period - Cedric Paquette is hit by Valentin Zykov.
14:55 of 1st period - Off-side.
14:56 of 1st period - Cedric Paquette wins face-off versus Valentin Zykov in neutral zone.
15:24 of 1st period - Snap shot by Vince Hinostroza.
15:24 of 1st period - Shot Misses the Net.
15:26 of 1st period - Slapshot by Cedric Paquette.
15:26 of 1st period - Shot Misses the Net.
15:28 of 1st period - Snap shot by Andreas Martinsen.
15:28 of 1st period - Shot Blocked by Griffin Reinhart.
15:30 of 1st period - Slapshot by Cedric Paquette.
15:30 of 1st period - Goal by Cedric Paquette - Penguins : 1 - Thunderbirds : 0.
15:31 of 1st period - Elias Lindholm wins face-off versus Adam Brooks in neutral zone.
15:46 of 1st period - Snap shot by Kyle Connor.
15:46 of 1st period - Stopped by Carter Hutton with a rebound.
16:29 of 1st period - Snap shot by Tanner Laczynski.
16:29 of 1st period - Shot Misses the Net.
16:31 of 1st period - Wrist shot by Nicklas Jensen.
16:31 of 1st period - Shot Blocked by Tyson Jost.
16:41 of 1st period - Andy Andreoff is hit by Michal Jordan and loses puck.
17:16 of 1st period - Wrist shot by Hudson Fasching.
17:16 of 1st period - Shot Misses the Net.
17:18 of 1st period - Snap shot by Viktor Baldayev.
17:18 of 1st period - Shot Blocked by Dakota Mermis.
17:20 of 1st period - Wrist shot by Mitchell Heard.
17:20 of 1st period - Shot Misses the Net.
17:38 of 1st period - Andreas Martinsen is hit by Viktor Baldayev and loses puck.
17:52 of 1st period - Off-side.
17:53 of 1st period - Adam Brooks wins face-off versus Nicklas Jensen in neutral zone.
18:01 of 1st period - Niklas Hansson is hit by Scott Mayfield and loses puck.
18:14 of 1st period - Minor Penalty to Sam Reinhart for Roughing.
18:15 of 1st period - Quinton Howden wins face-off versus Cedric Paquette in Penguins zone.
18:18 of 1st period - Wrist shot by Quinton Howden.
18:18 of 1st period - Shot Misses the Net.
18:20 of 1st period - Slapshot by Griffin Reinhart.
18:20 of 1st period - Goal by Griffin Reinhart - Penguins : 1 - Thunderbirds : 1.
18:21 of 1st period - Cedric Paquette wins face-off versus Quinton Howden in neutral zone.
18:37 of 1st period - Minor Penalty to Jerry D'Amigo for Roughing.
18:38 of 1st period - Quinton Howden wins face-off versus Vince Hinostroza in Thunderbirds zone.
19:14 of 1st period - John Draeger is hit by Dakota Mermis and loses puck.
19:58 of 1st period - Icing by Andrew O'Brien.
19:59 of 1st period - Elias Lindholm wins face-off versus Adam Brooks in Penguins zone.
Goals for this period are 1 for Penguins vs 1 for Thunderbirds.
Shots for this period are 14 for Penguins vs 8 for Thunderbirds.

2nd period


0:01 of 2nd period - Quinton Howden wins face-off versus Cedric Paquette in neutral zone.
0:32 of 2nd period - Slapshot by Hudson Fasching.
0:32 of 2nd period - Shot Misses the Net.
0:37 of 2nd period - Penalty to Jerry D'Amigo is over, Jerry D'Amigo is back on ice.
0:47 of 2nd period - Off-side.
0:48 of 2nd period - Tanner Laczynski wins face-off versus Anthony Beauvillier in neutral zone.
1:10 of 2nd period - Snap shot by Anthony Beauvillier.
1:10 of 2nd period - Shot Blocked by Viktor Baldayev.
1:13 of 2nd period - Icing by Jake Walman.
1:14 of 2nd period - Cedric Paquette wins face-off versus Tanner Laczynski in Thunderbirds zone.
1:15 of 2nd period - Backhand shot by Vince Hinostroza.
1:15 of 2nd period - Stopped by Carter Hutton with a rebound.
1:44 of 2nd period - Roberts Lipsbergs is hit by Sam Reinhart and loses puck.
1:53 of 2nd period - Wrist shot by Nicklas Jensen.
1:53 of 2nd period - Shot Misses the Net.
1:55 of 2nd period - Slapshot by Niklas Hansson.
1:55 of 2nd period - Deflect By Tanner Laczynski.
1:55 of 2nd period - Shot Misses the Net.
1:55 of 2nd period - Puck is out of play.
1:56 of 2nd period - Josh Jooris wins face-off versus Quinton Howden in Penguins zone.
2:43 of 2nd period - Snap shot by Josh Jooris.
2:43 of 2nd period - Stopped by Carter Hutton without a rebound.
2:44 of 2nd period - Elias Lindholm wins face-off versus Cedric Paquette in Thunderbirds zone.
2:44 of 2nd period - Elias Lindholm is hit by Scott Mayfield.
3:34 of 2nd period - Wrist shot by Iven Barbashev.
3:34 of 2nd period - Shot Misses the Net.
3:59 of 2nd period - Nicklas Jensen is hit by Andreas Martinsen and loses puck.
4:20 of 2nd period - Slapshot by Josh Jooris.
4:20 of 2nd period - Stopped by Carter Hutton without a rebound.
4:21 of 2nd period - Elias Lindholm wins face-off versus Denis Malgin in Thunderbirds zone.
4:48 of 2nd period - Wrist shot by Josh Jooris.
4:48 of 2nd period - Deflect By Anthony Beauvillier.
4:48 of 2nd period - Shot Misses the Net.
4:48 of 2nd period - Puck is out of play.
4:49 of 2nd period - Cedric Paquette wins face-off versus Jerry D'Amigo in Thunderbirds zone.
5:21 of 2nd period - Snap shot by Sam Reinhart.
5:21 of 2nd period - Shot Blocked by Michal Jordan.
5:23 of 2nd period - Wrist shot by Adam Brooks.
5:23 of 2nd period - Stopped by Carter Hutton with a rebound.
5:33 of 2nd period - Wrist shot by Hudson Fasching.
5:33 of 2nd period - Shot Misses the Net.
5:35 of 2nd period - Slapshot by Michal Jordan.
5:35 of 2nd period - Stopped by Connor Hellebyuk with a rebound.
5:37 of 2nd period - Slapshot by Tom Kuhnhackl.
5:37 of 2nd period - Stopped by Connor Hellebyuk with a rebound.
5:39 of 2nd period - Backhand shot by John Draeger.
5:39 of 2nd period - Stopped by Connor Hellebyuk with a rebound.
5:41 of 2nd period - Snap shot by John Draeger.
5:41 of 2nd period - Goal by John Draeger - Penguins : 1 - Thunderbirds : 2.
5:42 of 2nd period - Cedric Paquette wins face-off versus Quinton Howden in neutral zone.
5:47 of 2nd period - Jerry D'Amigo is hit by Cedric Paquette and loses puck.
6:08 of 2nd period - Adam Brooks is hit by Kirill Kaprizov and loses puck.
6:17 of 2nd period - Slapshot by Kyle Connor.
6:17 of 2nd period - Goal by Kyle Connor - Penguins : 2 - Thunderbirds : 2.
6:18 of 2nd period - Quinton Howden wins face-off versus Cedric Paquette in neutral zone.
6:56 of 2nd period - Kyle Connor is hit by Niklas Hansson and loses puck.
7:26 of 2nd period - Minor Penalty to Niklas Hansson for Holding.
7:27 of 2nd period - Quinton Howden wins face-off versus Cedric Paquette in Thunderbirds zone.
7:27 of 2nd period - Quinton Howden is hit by Vince Hinostroza.
8:58 of 2nd period - Matt Puempel is hit by Danny Biega and loses puck.
9:09 of 2nd period - Quinton Howden is hit by Denis Malgin.
9:24 of 2nd period - Tom Kuhnhackl is hit by Andrew O'Brien.
9:26 of 2nd period - Penalty to Niklas Hansson is over, Niklas Hansson is back on ice.
9:32 of 2nd period - Snap shot by Quinton Howden.
9:32 of 2nd period - Shot Misses the Net.
9:46 of 2nd period - Snap shot by Mitchell Heard.
9:46 of 2nd period - Shot Misses the Net.
10:06 of 2nd period - Anthony Beauvillier is hit by Nicklas Jensen and loses puck.
10:11 of 2nd period - Snap shot by Tanner Laczynski.
10:11 of 2nd period - Stopped by Connor Hellebyuk without a rebound.
10:12 of 2nd period - Mitchell Heard wins face-off versus Adam Brooks in Penguins zone.
10:17 of 2nd period - Wrist shot by Mitchell Heard.
10:17 of 2nd period - Shot Misses the Net.
11:42 of 2nd period - Wrist shot by Matt Puempel.
11:42 of 2nd period - Goal by Matt Puempel - Penguins : 2 - Thunderbirds : 3.
11:43 of 2nd period - Elias Lindholm wins face-off versus Cedric Paquette in neutral zone.
11:50 of 2nd period - Slapshot by Griffin Reinhart.
11:50 of 2nd period - Shot Misses the Net.
11:52 of 2nd period - Wrist shot by Niklas Hansson.
11:52 of 2nd period - Deflect By Kirill Kaprizov.
11:52 of 2nd period - Shot Blocked by Scott Mayfield.
11:52 of 2nd period - Puck is out of play.
11:53 of 2nd period - Cedric Paquette wins face-off versus Elias Lindholm in Penguins zone.
12:02 of 2nd period - Wrist shot by Elias Lindholm.
12:02 of 2nd period - Goal by Elias Lindholm - Penguins : 2 - Thunderbirds : 4.
12:02 of 2nd period - Anthony Stolarz enters game.
12:03 of 2nd period - Quinton Howden wins face-off versus Cedric Paquette in neutral zone.
12:06 of 2nd period - Slapshot by Niklas Hansson.
12:06 of 2nd period - Stopped by Anthony Stolarz with a rebound.
12:08 of 2nd period - Slapshot by Niklas Hansson.
12:08 of 2nd period - Stopped by Anthony Stolarz with a rebound.
12:10 of 2nd period - Snap shot by Jerry D'Amigo.
12:10 of 2nd period - Shot Blocked by Andrew O'Brien.
12:12 of 2nd period - Slapshot by Griffin Reinhart.
12:12 of 2nd period - Shot Blocked by Vince Hinostroza.
12:14 of 2nd period - Slapshot by Quinton Howden.
12:14 of 2nd period - Shot Misses the Net.
12:37 of 2nd period - Wrist shot by Kyle Connor.
12:37 of 2nd period - Stopped by Carter Hutton without a rebound.
12:38 of 2nd period - Quinton Howden wins face-off versus Adam Brooks in Thunderbirds zone.
13:28 of 2nd period - Slapshot by Josh Jooris.
13:28 of 2nd period - Shot Misses the Net.
13:46 of 2nd period - Nicklas Jensen is hit by Iven Barbashev and loses puck.
13:53 of 2nd period - Wrist shot by Iven Barbashev.
13:53 of 2nd period - Stopped by Carter Hutton with a rebound.
13:55 of 2nd period - Snap shot by Iven Barbashev.
13:55 of 2nd period - Stopped by Carter Hutton without a rebound.
13:56 of 2nd period - Cedric Paquette wins face-off versus Quinton Howden in Thunderbirds zone.
14:11 of 2nd period - Wrist shot by Quinton Howden.
14:11 of 2nd period - Stopped by Anthony Stolarz without a rebound.
14:12 of 2nd period - Adam Brooks wins face-off versus Elias Lindholm in Penguins zone.
14:19 of 2nd period - Wrist shot by Kyle Connor.
14:19 of 2nd period - Shot Blocked by Kirill Kaprizov.
14:21 of 2nd period - Wrist shot by Kyle Connor.
14:21 of 2nd period - Shot Misses the Net.
14:23 of 2nd period - Wrist shot by Sam Reinhart.
14:23 of 2nd period - Stopped by Carter Hutton with a rebound.
14:25 of 2nd period - Snap shot by Sam Reinhart.
14:25 of 2nd period - Stopped by Carter Hutton with a rebound.
14:27 of 2nd period - Slapshot by Sam Reinhart.
14:27 of 2nd period - Shot Misses the Net.
14:37 of 2nd period - Scott Mayfield is hit by Jerry D'Amigo and loses puck.
15:06 of 2nd period - Snap shot by Mitchell Heard.
15:06 of 2nd period - Shot Misses the Net.
15:08 of 2nd period - Slapshot by Niklas Hansson.
15:08 of 2nd period - Deflect By Matt Puempel.
15:08 of 2nd period - Stopped by Anthony Stolarz with a rebound.
15:10 of 2nd period - Slapshot by Niklas Hansson.
15:10 of 2nd period - Stopped by Anthony Stolarz with a rebound.
15:22 of 2nd period - Wrist shot by Anthony Beauvillier.
15:22 of 2nd period - Shot Blocked by Viktor Baldayev.
15:24 of 2nd period - Wrist shot by Denis Malgin.
15:24 of 2nd period - Shot Misses the Net.
15:26 of 2nd period - Slapshot by Danny Biega.
15:26 of 2nd period - Stopped by Carter Hutton with a rebound.
15:49 of 2nd period - Sam Reinhart is hit by Elias Lindholm and loses puck.
16:16 of 2nd period - Snap shot by Sam Reinhart.
16:16 of 2nd period - Shot Misses the Net.
16:28 of 2nd period - Slapshot by John Draeger.
16:28 of 2nd period - Shot Misses the Net.
16:30 of 2nd period - Slapshot by Hudson Fasching.
16:30 of 2nd period - Stopped by Anthony Stolarz with a rebound.
17:24 of 2nd period - Snap shot by Quinton Howden.
17:24 of 2nd period - Stopped by Anthony Stolarz with a rebound.
17:41 of 2nd period - Off-side.
17:42 of 2nd period - Cedric Paquette wins face-off versus Mitchell Heard in neutral zone.
17:45 of 2nd period - Mitchell Heard is hit by Danny Biega and loses puck.
18:05 of 2nd period - Minor Penalty to Dakota Mermis for Roughing.
18:06 of 2nd period - Quinton Howden wins face-off versus Cedric Paquette in Penguins zone.
18:18 of 2nd period - Slapshot by John Draeger.
18:18 of 2nd period - Deflect By Cedric Paquette.
18:18 of 2nd period - Stopped by Anthony Stolarz without a rebound.
18:19 of 2nd period - Cedric Paquette wins face-off versus Quinton Howden in Penguins zone.
18:25 of 2nd period - Icing by Quinton Howden.
18:26 of 2nd period - Cedric Paquette wins face-off versus Quinton Howden in Thunderbirds zone.
18:37 of 2nd period - Slapshot by Quinton Howden.
18:37 of 2nd period - Shot Blocked by Andrew O'Brien.
18:39 of 2nd period - Slapshot by Niklas Hansson.
18:39 of 2nd period - Shot Misses the Net.
18:41 of 2nd period - Wrist shot by Jerry D'Amigo.
18:41 of 2nd period - Stopped by Anthony Stolarz with a rebound.
18:54 of 2nd period - Icing by Griffin Reinhart.
18:55 of 2nd period - Elias Lindholm wins face-off versus Cedric Paquette in Thunderbirds zone.
19:02 of 2nd period - Wrist shot by Quinton Howden.
19:02 of 2nd period - Goal by Quinton Howden - Penguins : 2 - Thunderbirds : 5.
19:03 of 2nd period - Cedric Paquette wins face-off versus Quinton Howden in neutral zone.
19:47 of 2nd period - Matt Puempel is hit by Andrew O'Brien and loses puck.
Goals for this period are 1 for Penguins vs 4 for Thunderbirds.
Shots for this period are 11 for Penguins vs 17 for Thunderbirds.

3rd period


0:01 of 3rd period - Cedric Paquette wins face-off versus Quinton Howden in neutral zone.
0:26 of 3rd period - Cedric Paquette is hit by Matt Puempel and loses puck.
1:22 of 3rd period - Slapshot by Kyle Connor.
1:22 of 3rd period - Deflect By Adam Brooks.
1:22 of 3rd period - Shot Misses the Net.
1:22 of 3rd period - Puck is out of play.
1:23 of 3rd period - Denis Malgin wins face-off versus Quinton Howden in Thunderbirds zone.
2:12 of 3rd period - Minor Penalty to Mitchell Heard for Tripping.
2:13 of 3rd period - Quinton Howden wins face-off versus Adam Brooks in Thunderbirds zone.
4:12 of 3rd period - Penalty to Mitchell Heard is over, Mitchell Heard is back on ice.
5:16 of 3rd period - Snap shot by Andy Andreoff.
5:16 of 3rd period - Shot Blocked by Viktor Baldayev.
5:22 of 3rd period - Slapshot by Tyson Jost.
5:22 of 3rd period - Stopped by Carter Hutton without a rebound.
5:23 of 3rd period - Tanner Laczynski wins face-off versus Cedric Paquette in Thunderbirds zone.
5:38 of 3rd period - Snap shot by Andreas Martinsen.
5:38 of 3rd period - Shot Misses the Net.
5:48 of 3rd period - Sam Reinhart is hit by Tom Kuhnhackl.
6:10 of 3rd period - Quinton Howden is hit by Dakota Mermis and loses puck.
6:34 of 3rd period - Wrist shot by Andreas Martinsen.
6:34 of 3rd period - Stopped by Carter Hutton without a rebound.
6:35 of 3rd period - Cedric Paquette wins face-off versus Mitchell Heard in Thunderbirds zone.
6:51 of 3rd period - Penalty Shot by Andreas Martinsen for Penguins.
6:51 of 3rd period - Backhand shot by Andreas Martinsen.
6:51 of 3rd period - Goal by Andreas Martinsen - Penguins : 3 - Thunderbirds : 5.
6:52 of 3rd period - Cedric Paquette wins face-off versus Quinton Howden in neutral zone.
6:53 of 3rd period - Cedric Paquette wins face-off versus Quinton Howden in Penguins zone.
7:02 of 3rd period - Wrist shot by Quinton Howden.
7:02 of 3rd period - Shot Misses the Net.
7:04 of 3rd period - Minor Penalty to Vince Hinostroza for Boarding.
7:05 of 3rd period - Cedric Paquette wins face-off versus Quinton Howden in Penguins zone.
8:28 of 3rd period - Adam Brooks is hit by Niklas Hansson and loses puck.
9:04 of 3rd period - Penalty to Vince Hinostroza is over, Vince Hinostroza is back on ice.
9:16 of 3rd period - Denis Malgin is hit by Roberts Lipsbergs.
9:53 of 3rd period - Minor Penalty to Tom Kuhnhackl for Hooking.
9:54 of 3rd period - Cedric Paquette wins face-off versus Quinton Howden in Thunderbirds zone.
9:56 of 3rd period - Slapshot by Vince Hinostroza.
9:56 of 3rd period - Shot Blocked by Niklas Hansson.
9:58 of 3rd period - Slapshot by Vince Hinostroza.
9:58 of 3rd period - Stopped by Carter Hutton without a rebound.
9:59 of 3rd period - Quinton Howden wins face-off versus Cedric Paquette in Thunderbirds zone.
10:26 of 3rd period - Slapshot by Dakota Mermis.
10:26 of 3rd period - Stopped by Carter Hutton with a rebound.
10:44 of 3rd period - Michal Jordan is hit by Cedric Paquette and loses puck.
11:35 of 3rd period - Adam Brooks is hit by Elias Lindholm and loses puck.
11:53 of 3rd period - Penalty to Tom Kuhnhackl is over, Tom Kuhnhackl is back on ice.
12:23 of 3rd period - Snap shot by Andy Andreoff.
12:23 of 3rd period - Shot Misses the Net.
12:25 of 3rd period - Wrist shot by Tyson Jost.
12:25 of 3rd period - Goal by Tyson Jost - Penguins : 4 - Thunderbirds : 5.
12:26 of 3rd period - Cedric Paquette wins face-off versus Elias Lindholm in neutral zone.
12:39 of 3rd period - Snap shot by Elias Lindholm.
12:39 of 3rd period - Deflect By Kirill Kaprizov.
12:39 of 3rd period - Shot Misses the Net.
12:39 of 3rd period - Puck is out of play.
12:40 of 3rd period - Cedric Paquette wins face-off versus Quinton Howden in Penguins zone.
13:17 of 3rd period - Snap shot by Mitchell Heard.
13:17 of 3rd period - Goal by Mitchell Heard - Penguins : 4 - Thunderbirds : 6.
13:18 of 3rd period - Adam Brooks wins face-off versus Quinton Howden in neutral zone.
13:52 of 3rd period - Snap shot by Andreas Martinsen.
13:52 of 3rd period - Shot Misses the Net.
13:54 of 3rd period - Snap shot by Scott Mayfield.
13:54 of 3rd period - Shot Misses the Net.
14:06 of 3rd period - Snap shot by Mitchell Heard.
14:06 of 3rd period - Shot Misses the Net.
14:08 of 3rd period - Snap shot by Mitchell Heard.
14:08 of 3rd period - Shot Blocked by Dakota Mermis.
14:10 of 3rd period - Wrist shot by Jake Walman.
14:10 of 3rd period - Stopped by Anthony Stolarz without a rebound.
14:11 of 3rd period - Mitchell Heard wins face-off versus Adam Brooks in Penguins zone.
14:19 of 3rd period - Minor Penalty to Adam Brooks for High sticking.
14:20 of 3rd period - Quinton Howden wins face-off versus Cedric Paquette in Penguins zone.
14:46 of 3rd period - Cedric Paquette is hit by Kirill Kaprizov.
14:54 of 3rd period - Andreas Martinsen is hit by Kirill Kaprizov and loses puck.
14:55 of 3rd period - Andreas Martinsen from Penguins is injured at 14:55 of 3rd period (Strained Right Elbow).
14:56 of 3rd period - Quinton Howden wins face-off versus Cedric Paquette in Penguins zone.
15:07 of 3rd period - Wrist shot by Jerry D'Amigo.
15:07 of 3rd period - Shot Blocked by Cedric Paquette.
15:09 of 3rd period - Backhand shot by Valentin Zykov.
15:09 of 3rd period - Stopped by Anthony Stolarz with a rebound.
15:11 of 3rd period - Slapshot by Niklas Hansson.
15:11 of 3rd period - Deflect By Quinton Howden.
15:11 of 3rd period - Stopped by Anthony Stolarz with a rebound.
15:21 of 3rd period - Elias Lindholm is hit by Scott Mayfield and loses puck.
16:19 of 3rd period - Penalty to Adam Brooks is over, Adam Brooks is back on ice.
16:30 of 3rd period - Wrist shot by Tanner Laczynski.
16:30 of 3rd period - Shot Blocked by Scott Mayfield.
16:32 of 3rd period - Slapshot by Roberts Lipsbergs.
16:32 of 3rd period - Shot Blocked by Andy Andreoff.
16:34 of 3rd period - Slapshot by Viktor Baldayev.
16:34 of 3rd period - Shot Misses the Net.
16:50 of 3rd period - Kyle Connor is hit by Hudson Fasching and loses puck.
16:55 of 3rd period - Snap shot by Griffin Reinhart.
16:55 of 3rd period - Stopped by Anthony Stolarz with a rebound.
17:14 of 3rd period - Danny Biega is hit by Niklas Hansson and loses puck.
17:51 of 3rd period - Slapshot by Dakota Mermis.
17:51 of 3rd period - Shot Misses the Net.
18:03 of 3rd period - Kyle Connor is hit by Jerry D'Amigo and loses puck.
18:47 of 3rd period - Icing by Michal Jordan.
18:48 of 3rd period - Cedric Paquette wins face-off versus Mitchell Heard in Thunderbirds zone.
18:57 of 3rd period - John Draeger is hit by Sam Reinhart and loses puck.
19:53 of 3rd period - Anthony Beauvillier is hit by Valentin Zykov and loses puck.
Goals for this period are 2 for Penguins vs 1 for Thunderbirds.
Shots for this period are 5 for Penguins vs 5 for Thunderbirds.